 Dungeon Crawl Stone Soup version 0.29.0-5-ge4962eb29e (webtiles) character file.

Game seed: 7998234368176437725

25 diana the Chopper (level 2, -5/23 HPs)
             Began as a Demonspawn Gladiator on Aug 28, 2022.
             Slain by Terence
             ... wielding a +0 flail
              (7 damage)
             ... on level 2 of the Dungeon.
             The game lasted 00:01:43 (1004 turns).

diana the Chopper (Demonspawn Gladiator)            Turns: 1004, Time: 00:01:43

Health: -5/23      AC:  5    Str: 14    XL:     2   Next: 82%
Magic:  2/2        EV: 12    Int: 21    God:
Gold:   29         SH:  0    Dex: 14    Spells: 1/1 levels left

rFire   . . .      SeeInvis .   a - +0 war axe
rCold   . . .      Faith    .   (no shield)
rNeg    . . .      Spirit   .   b - +0 leather armour
rPois   .          Reflect  .   c - +0 helmet
rElec   .          Harm     .   (no cloak)
rCorr   .          Rampage  .   n - +0 pair of gloves
Will    .....                   (no boots)
Stlth   +.........              q - amulet of regeneration
HPRegen 0.87/turn               h - +6 ring of intelligence
MPRegen 0.08/turn               o - +6 ring of intelligence

@: no status effects
A: spiny 1
a: no special abilities


You were on level 2 of the Dungeon.
You visited 1 branch of the dungeon, and saw 2 of its levels.

You collected 29 gold pieces.

Inventory:

Hand Weapons
 a - a +0 war axe (weapon)
Missiles
 d - a throwing net (quivered)
 e - 5 javelins
Armour
 b - a +0 leather armour (worn)
 c - a +0 helmet (worn)
 n - a +0 pair of gloves (worn)
Jewellery
 h - a +6 ring of intelligence (left hand)
 o - a +6 ring of intelligence (right hand)
 q - an amulet of regeneration (around neck)
 s - a ring of see invisible
Scrolls
 g - 2 scrolls of identify {unknown}
 i - a scroll of brand weapon {unknown}
 j - a scroll of immolation {unknown}
 l - a scroll of magic mapping {unknown}
 m - a scroll of enchant weapon {unknown}
 r - a scroll of amnesia {unknown}
 t - 2 scrolls of summoning {unknown}
 u - a scroll of noise {unknown}
Potions
 f - 2 potions of curing {unknown}
 k - a potion of haste {unknown}
 p - a potion of berserk rage {unknown}


   Skills:
 * Level 2.6 Fighting
 * Level 3.1 Axes
 - Level 1.7 Throwing
 + Level 2.9 Dodging


You had one spell level left.
You didn't know any spells.
Your spell library contained the following spells:

 Spells                   Type           Power      Damage    Failure   Level
 Beastly Appendage        Tmut           0%         N/A       22%         1
 Wereblood                Tmut           0%         N/A       34%         2
 Spider Form              Tmut/Pois      0%         N/A       56%         3


Dungeon Overview and Level Annotations

Branches:
Dungeon (2/15)

Altars:

Annotations:
D:2 Terence


Innate Abilities, Weirdness & Mutations

You are partially covered in sharp spines.


Message History

Moving in this stuff is going to be slow.
Found a stone staircase leading up.
Found a stone staircase leading down.
You now have 23 gold pieces (gained 10).
There is a stone staircase leading down here.
You now have 29 gold pieces (gained 6).
There is a shaft here.
s - a ring of see invisible Unknown command.
Unknown command.
Unknown command.
t - 2 scrolls labelled WIUFOOCWI
u - a scroll labelled UCKEUN USI A frilled lizard comes into view.
The frilled lizard hisses angrily.
You barely miss the frilled lizard. The frilled lizard closely misses you.
You slash the frilled lizard!
You kill the frilled lizard!
No target in view!
No target in view!
Terence and a kobold come into view.
Terence shouts!
Terence says, "Time to say good-bye..."
There are monsters nearby!
There are monsters nearby!
Terence drinks a potion.
Terence flickers and vanishes!
Deactivating autopickup; reactivate with Ctrl-A.
You barely miss the kobold. The kobold hits you but does no damage.
The kobold misses you.
You barely miss the kobold. The kobold hits you with a +0 whip.
You slash the kobold!
You kill the kobold!
No target in view!
Something hits you.
You closely miss something. Something hits you! Something hits you.
* * * LOW HITPOINT WARNING * * *
You closely miss something. Something hits you.
* * * LOW HITPOINT WARNING * * *
You hit something but do no damage. Something hits you!
You die...

#.# #.# #.# #.#
.##..♣♣♣ #.# # #..P.~~~
.#.####.###.#
#.#....~♣~
.......)....# .#.P..P~♣
#.# ....P..~ #@#######
#....P..
#{......###....#P.
#......#####...........
######.# #####...##.#
#.# ###.# #.# #.# #.#
#.# #.# #.# #. #.#


There were no monsters in sight!

Vanquished Creatures
  A ball python (D:1)
  4 bats (D:1)
  4 endoplasms (D:1)
  A giant cockroach (D:1)
  3 goblins (D:1)
  2 quokkas (D:1)
  3 frilled lizards
  3 kobolds
  A rat (D:1)
22 creatures vanquished.

Notes
Turn   | Place    | Note
-------+----------+-------------------------------------------
     0 | D:1      | diana the Demonspawn Gladiator began the quest for the Orb.
     0 | D:1      | Reached XP level 1. HP: 16/16 MP: 1/1
    35 | D:1      | Found a faded altar of an unknown god.
   306 | D:1      | Gained mutation: You are partially covered in sharp spines.
                  | [demonic ancestry]
   306 | D:1      | Reached XP level 2. HP: 17/22 MP: 2/2
   390 | D:1      | Reached skill level 3 in Axes
   995 | D:2      | Noticed Terence
  1003 | D:2      | HP: 1/23 [something (6)]
  1004 | D:2      | Slain by Terence

Illustrated notes

Levels and vault maps discovered:
D:1:      dpeg_arrival_tiny_f, layout_rooms, chequers_ecumenical_altar_island
D:2:      layout_loops_ring, serial_bayou_lagoon_a, serial_bayou_pond_a,
          uniq_terence

Skill      XL: |  1  2 |
---------------+-------+-----
Axes           | 3 |  3.1
Fighting       | |  2.6
Throwing       | |  1.7
Dodging        | |  2.9

Action                   || total
-------------------------++-------
Melee: War axe           ||    50
Throw: Throwing net      ||     2
Armor: Leather armour    ||    17
Dodge: Dodged            ||    30
